Map: Neon Violet Square LE

Players

HUMAN

  • Race: Protoss Protoss
  • League: Silver
  • Spawn Location: 11:00

VOD

Have the link to the VOD?

Description

Time

  • Played on: Feb. 10, 2025, 4:31 a.m.
  • Length: 10:18
Show
View Real Time Build Order
Export as new Build Order

HUMAN Protoss 

Build Orders:  

Get SALT Encoding   

  12  0:03  Probe (Chrono Boost)  
  13  0:20  Pylon  
  13  0:28  Probe (Chrono Boost)  
  14  0:45  Probe (Chrono Boost)  
  15  0:51  Gateway  
  16  1:02  Probe (Chrono Boost)  
  16  1:10  Assimilator  
  16  1:19  Probe (Chrono Boost)  
  17  1:36  Probe (Chrono Boost)  
  18  1:58  Nexus  
  18  2:04  Probe (Chrono Boost)  
  19  2:18  Cybernetics Core  
  19  2:28  Probe (Chrono Boost)  
  20  2:38  Assimilator  
  20  2:45  Probe (Chrono Boost)  
  21  2:53  Pylon  
  22  3:02  Probe (Chrono Boost)  
  22  3:19  Probe (Chrono Boost)  
  25  3:33  Robotics Facility  
  25  3:38  Probe (Chrono Boost)  
  27  3:42  Probe (Chrono Boost)  
  27  3:55  Probe (Chrono Boost)  
  27  3:59  Probe (Chrono Boost)  
  29  4:00  Unknown  
  29  4:03  Twilight Council  
  29  4:08  Stalker  
  29  4:18  Probe (Chrono Boost)  
  33  4:20  Probe (Chrono Boost)  
  33  4:35  Observer  
  33  4:37  Warp Gate  
  33  4:45  Probe (Chrono Boost)  
  33  4:46  Probe (Chrono Boost)  
  36  5:02  Probe (Chrono Boost)  
  36  5:03  Probe (Chrono Boost)  
  36  5:05  Immortal  
  42  5:13  Shield Battery  
  42  5:35  Gateway  
  42  5:42  Gateway  
  42  5:44  Gateway  
  42  5:45  Gateway  
  42  5:50  Probe x2 (Chrono Boost)  
  44  6:01  Probe (Chrono Boost)  
  44  6:02  Probe (Chrono Boost)  
  46  6:16  Gateway  
  46  6:18  Gateway  
  46  6:24  Pylon  
  46  6:29  Charge  
  46  6:34  Pylon  
  46  6:44  Observer  
  49  6:52  Probe x2 (Chrono Boost)  
  49  6:58  Assimilator  
  49  7:04  Assimilator  
  49  7:09  Probe x2 (Chrono Boost)  
  51  7:13  Stalker  
  51  7:14  Warp Prism  
  55  7:26  Probe x2 (Chrono Boost)  
  57  7:32  Gateway  
  57  7:38  Pylon  
  57  8:03  Probe (Chrono Boost)  
  57  8:04  Probe (Chrono Boost)  
  59  8:11  Zealot x5  
  69  8:35  Probe (Chrono Boost)  
  70  8:42  Pylon  
  70  8:47  Pylon  
  70  8:55  Pylon  
  70  8:56  Blink  
  70  9:00  Forge  
  70  9:04  Forge  
  72  9:10  Probe x2 (Chrono Boost)  
  72  9:19  Nexus  
  72  9:21  Pylon  
  72  9:41  Stalker x3  
  72  9:42  Stalker x2  
  72  9:44  Templar Archives  
  72  9:46  Sentry x3  
Tags
 
Add a new tag
Caveats
  • Supply blocks, unpowered buildings, or Contaminate may cause inaccurate times.
  • Supply counts are checked every 10 seconds.